Construct Section Command Post
Construct Platoon Command Post
Selects Air and Sea Battlegroup
Selects Commando Section Paradrop
Commando Section Paradrop
6-pounder Anti-tank Gun Team
Construct Field Infirmary
Unlock M3 Stuart Light Tanks
Construct Field Infirmary
6-pounder Anti-tank Gun Team
Selects Commando Support Section Paradrop
Selects Anti-tank Rocket Loiter
6-pounder Anti-tank Gun Team
Construct Company Command Post
Unlock Towed 17-pounder Anti-tank Guns
17-pounder Anti-tank Gun Team